 Dungeon Crawl Stone Soup version 0.27.1-3-gb3d3a73c9e (webtiles) character file.

Game seed: 3050093269601838443

51 karkarkar the Skirmisher (level 3, -1/24 HPs)
             Began as a Gargoyle Fighter on Oct 21, 2021.
             Slain by Sigmund (7 damage)
             ... on level 2 of the Dungeon.
             The game lasted 00:03:06 (1643 turns).

karkarkar the Skirmisher (Gargoyle Fighter)         Turns: 1643, Time: 00:03:06

Health: -1/24      AC: 10    Str: 19    XL:     3   Next: 81%
Magic:  3/3        EV:  7    Int: 14    God:
Gold:   87         SH:  0    Dex: 10    Spells: 2/2 levels left

rFire    . . .     SeeInvis .   a - +0 war axe
rCold    . . .     Faith    .   c - +0 kite shield
rNeg     + . .     Spirit   .   b - +0 scale mail
rPois    ∞         Reflect  .   (no helmet)
rElec    +         Harm     .   (no cloak)
rCorr    +         Rampage  .   (no gloves)
Will     .....                  (no boots)
Stlth    ..........             (no amulet)
HPRegen  0.08/turn              e - +6 ring of intelligence
MPRegen  0.08/turn              j - ring of resist corrosion

@: confused, mighty
A: sickness immunity, AC +3, negative energy resistance 1, electricity
resistance, torment resistance 1, petrification resistance
a: no special abilities


You were on level 2 of the Dungeon.
You visited 1 branch of the dungeon, and saw 2 of its levels.

You collected 87 gold pieces.

Inventory:

Hand Weapons
 a - a +0 war axe (weapon)
Armour
 b - a +0 scale mail (worn)
 c - a +0 kite shield (worn)
Jewellery
 e - a +6 ring of intelligence (left hand)
 j - a ring of resist corrosion (right hand)
Scrolls
 f - 2 scrolls of teleportation
 g - a scroll of identify {unknown}
 h - a scroll of holy word {unknown}


   Skills:
 + Level 3.7 Fighting
 + Level 2.5 Axes
 + Level 3.6 Armour
 + Level 0.1 Dodging
 + Level 3.7 Shields


You had 2 spell levels left.
You didn't know any spells.
Your spell library was empty.

Dungeon Overview and Level Annotations

Branches:
Dungeon (2/15)

Altars:

Shops:
D:2 :

Annotations:
D:2 Sigmund


Innate Abilities, Weirdness & Mutations

You are immune to sickness and miasma.
Your stone body is resilient. (AC +3)
You are immune to poison.
You resist negative energy. (rN+)
You are resistant to electric shocks. (rElec)
You are resistant to unholy torment.
You are immune to petrification.


Message History

Sigmund shouts!
Sigmund casts a spell at you. You resist with significant effort.
You throw a poisoned dart. The poisoned dart hits Sigmund.
Sigmund is poisoned.
You throw a poisoned dart.
The poisoned dart barely misses Sigmund.
You throw a poisoned dart.
The poisoned dart closely misses Sigmund.
You throw a poisoned dart.
The poisoned dart barely misses Sigmund.
Sigmund hits you but does no damage.
A giant cockroach comes into view.
Nothing quivered!
Sigmund casts a spell at you. The puff of flame misses you.
Sigmund hits you but does no damage.
You closely miss Sigmund.
Sigmund is moderately wounded.
Sigmund hits you but does no damage. You block Sigmund's attack.
You barely miss Sigmund.
Sigmund is moderately wounded.
Sigmund screams, "I am the angel of ZOT!!!"
Sigmund points at you and mumbles some strange words.
The puff of flame hits you!
You slash Sigmund!
Sigmund is heavily wounded.
Sigmund casts a spell at you.
The magic dart hits you but does no damage.
You closely miss Sigmund.
Sigmund is heavily wounded.
Sigmund points at you and mumbles some strange words.
You are confused.
Sigmund gestures at you while chanting. The puff of flame hits you!
* * * LOW HITPOINT WARNING * * *
Sorry, you're not good enough to have a special ability.
You are too confused!
You feel very mighty all of a sudden.
Sigmund hits you with a +0 scythe of venom!
You die...

###....##'###.#.#
#.# ....#.....#
#.#.####.#
.####..####
#......#.# .#
#..########.##.#.#
.#
#........##....#.#
.#
#.>......#####.#.#
.# #........#
#.#.# .#
#........# #####.#
..# #........#
#@....# ..#
#........#
#@#####(# ..#
#........#
#B..@.B(# ###
#........#
#########


You could see Sigmund and a giant cockroach.

Vanquished Creatures
  A dart slug (D:1)
  6 ball pythons
  4 endoplasms
  2 giant cockroaches
  3 goblins
  12 hobgoblins
  4 jackals (D:2)
  2 bats (D:1)
  A frilled lizard (D:1)
  2 kobolds
  5 rats
42 creatures vanquished.

Notes
Turn   | Place    | Note
-------+----------+-------------------------------------------
     0 | D:1      | karkarkar the Gargoyle Fighter began the quest for the Orb.
     0 | D:1      | Reached XP level 1. HP: 14/14 MP: 1/1
    90 | D:1      | Reached XP level 2. HP: 19/19 MP: 2/2
   744 | D:1      | Reached XP level 3. HP: 24/24 MP: 3/3
  1234 | D:2      | Found Bag Voc's Book Shop.
  1628 | D:2      | Noticed Sigmund
  1643 | D:2      | Slain by Sigmund

Illustrated notes

Levels and vault maps discovered:
D:1:      minmay_arrival_arboretum_small, layout_loops_ring, minivault_14
D:2:      layout_basic, serial_shops, nicolae_shop_competitors_out_of_business,
          dreamdust_ecumenical_altar_hidden_monk_grotto, uniq_sigmund

Skill      XL: |  1  2 |
---------------+-------+-----
Axes           | 2 |  2.5
Fighting       | |  3.7
Armour         | |  3.6
Dodging        | |  0.1
Shields        | |  3.7

Action                   || total
-------------------------++-------
Melee: War axe           ||   132
Throw: Dart              ||     4
  Use: Scroll            ||     1
       Potion            ||     1
Armor: Scale mail        ||    72
Dodge: Dodged            ||    50
Block: Kite shield       ||    89
